 Dungeon Crawl Stone Soup version 0.30-a0-1066-g63dfefce0d (webtiles) character file.

Game seed: 2207024256963061279

2116 Arzdou the Cleaver (level 9, -3/79 HPs)
             Began as a Hill Orc Fighter on Apr 12, 2023.
             Slain by Duvessa
             ... wielding a +0 rapier
              (5 damage)
             ... on level 7 of the Dungeon.
             The game lasted 00:16:05 (6372 turns).

Arzdou the Cleaver (Hill Orc Fighter)               Turns: 6372, Time: 00:16:05

Health: -3/79      AC: 15    Str: 23    XL:     9   Next: 29%
Magic:  9/9        EV: 11    Int:  8    God:
Gold:   268        SH:  5    Dex: 10    Spells: 8/8 levels left

rFire   . . .      SeeInvis .    a - +0 war axe
rCold   + . .      Faith    .    c - +0 buckler
rNeg    . . .      Spirit   .    n - +1 plate armour
rPois   .          Reflect  .    (no helmet)
rElec   .          Rampage  .    z - +0 cloak
rCorr   .                        (no gloves)
Will    .....                    (no boots) Stlth
                                 w - amulet of the acrobat
HPRegen 0.33/turn                e - +5 ring of evasion
MPRegen 0.11/turn                r - ring of protection from cold

@: no status effects
A: no striking features
a: no special abilities


You were on level 7 of the Dungeon.
You visited 1 branch of the dungeon, and saw 7 of its levels.

You collected 268 gold pieces.

Inventory:

Hand Weapons
 a - a +0 war axe (weapon)
Missiles
 y - 2 boomerangs (quivered)
Armour
 b - a +0 scale mail
 c - a +0 buckler (worn)
 n - a +1 plate armour (worn)
 z - a +0 cloak (worn)
Jewellery
 e - a +5 ring of evasion (left hand)
 r - a ring of protection from cold (right hand)
 w - an amulet of the acrobat (around neck)
 B - a ring of wizardry
 E - a ring of positive energy
Wands
 j - a wand of flame (55)
 A - a wand of mindburst (14)
 G - a wand of charming (8)
Scrolls
 h - 2 scrolls of fog
 i - 3 scrolls of amnesia
 k - 7 scrolls of teleportation
 p - 2 scrolls of vulnerability
 s - a scroll of identify
 C - a scroll of enchant armour
 H - a scroll of fear
Potions
 d - 2 potions of might
 f - 3 potions of mutation
 g - 2 potions of flight {unknown}
 l - a potion of berserk rage {unknown}
 m - 2 potions of haste {unknown}
 o - 3 potions of lignification
 q - 3 potions of curing
 t - 2 potions of invisibility
 u - 3 potions of attraction
 x - a potion of brilliance {unknown}


   Skills:
 + Level 7.0 Fighting
 + Level 10.9 Axes
 + Level 0.1 Throwing
 + Level 7.0 Armour
 + Level 0.6 Dodging
 + Level 0.3 Stealth
 + Level 5.7 Shields


You had 8 spell levels left.
You didn't know any spells.
Your spell library contained the following spells:

 Spells                   Type           Power      Damage    Failure   Level
 Beastly Appendage        Tmut           0%         N/A       100%        1
 Kiss of Death            Conj/Necr      0%         2d5       100%        1
 Lesser Beckoning         Tloc           0%         N/A       100%        2
 Wereblood                Tmut           0%         N/A       100%        2
 Confusing Touch          Hex            0%         N/A       100%        3
 Gell's Gravitas          Tloc           0%         N/A       100%        3
 Ignite Poison            Fire/Tmut/Pois 0%         N/A       100%        3
 Spider Form              Tmut/Pois      0%         N/A       100%        3
 Teleport Other           Tloc           0%         N/A       100%        3
 Anguish                  Hex/Necr       0%         N/A       100%        4
 Cause Fear               Hex            0%         N/A       100%        4
 Dispel Undead            Necr           0%         3d6       100%        4
 Sticky Flame             Conj/Fire      0%         2d3       100%        4
 Enfeeble                 Hex            0%         N/A       100%        7
 Ignition                 Fire           0%         3d3       100%        8


Dungeon Overview and Level Annotations

Branches:
Dungeon (7/15)
 Temple: D:4-7

Altars:
Elyvilon
Makhleb
Sif Muna
Yredelemnul

Annotations:
D:3 2 transporters, funkygono's ghost, amateur MiFi
D:7 Duvessa; Joseph; Pikel


Message History

You hit Duvessa.
Duvessa is heavily wounded.
Duvessa hits you with a +0 rapier!
You slash Duvessa!
Duvessa is severely wounded.
You block Duvessa's attack. Duvessa hits you with a +0 rapier.
You slash Duvessa!
Duvessa is severely wounded.
Duvessa hits you with a +0 rapier!
You barely miss Duvessa.
Duvessa is severely wounded.
Duvessa hits you with a +0 rapier!
* * * LOW HITPOINT WARNING * * *
Duvessa hits you with a +0 rapier.
* * * LOW HITPOINT WARNING * * *
You feel much better. Duvessa hits you with a +0 rapier!
You hit Duvessa but do no damage.
Duvessa is severely wounded.
Duvessa hits you with a +0 rapier. Duvessa closely misses you.
You barely miss Duvessa.
Duvessa is severely wounded.
Duvessa hits you with a +0 rapier!
* * * LOW HITPOINT WARNING * * *
Duvessa barely misses you.
You closely miss Duvessa.
Duvessa is severely wounded.
Duvessa barely misses you.
You barely miss Duvessa.
Duvessa is severely wounded.
Duvessa hits you with a +0 rapier.
* * * LOW HITPOINT WARNING * * *
Duvessa hits you with a +0 rapier.
* * * LOW HITPOINT WARNING * * *
You hit Duvessa but do no damage.
Duvessa is severely wounded.
Duvessa barely misses you.
You closely miss Duvessa.
Duvessa is severely wounded.
Duvessa hits you with a +0 rapier.
You die...

... ..... .#. ...#
##...#.....
....###....#......
.....$...........#
.................#
................#
#.....)........#
#.............#
##.....<@.....#
#......e.....#
#.....##.)...#
...#.#..##....#
........# #.##...#
......... #.. ....
......... #... ...
....... .e... ..
...... .


You could see Duvessa (berserk).

Vanquished Creatures
  Maggie (D:7)
  A steam dragon (D:6)
  A water moccasin (D:6)
  2 black bears
  2 ice beasts
  An ogre (D:4)
  2 lemures (D:6)
  2 centaurs
  3 phantoms
  A bullfrog (D:4)
  2 scorpions (D:6)
  A wight (D:5)
  Dowan (D:7)
  A howler monkey (D:4)
  2 jellies
  2 hounds
  A sleepcap (D:5)
  3 iguanas
  Ijyb (D:5)
  8 adders
  A shadow imp (D:6)
  2 white imps
  An ufetubus (D:4)
  4 worms
  8 dart slugs
  8 orcs
  7 ball pythons
  6 endoplasms
  5 giant cockroaches
  9 hobgoblins
  2 jackals (D:3)
  6 kobolds
  3 quokkas
  8 bats
  A frilled lizard (D:1)
  8 goblins
  5 rats
122 creatures vanquished.

Vanquished Creatures (others)
  4 plants (D:1)
4 creatures vanquished.

Grand Total: 126 creatures vanquished

Notes
Turn   | Place    | Note
-------+----------+-------------------------------------------
     0 | D:1      | Arzdou the Hill Orc Fighter began the quest for the Orb.
     0 | D:1      | Reached XP level 1. HP: 19/19 MP: 1/1
   145 | D:1      | Reached XP level 2. HP: 23/27 MP: 2/2
   468 | D:1      | Reached XP level 3. HP: 33/33 MP: 3/3
   472 | D:1      | Reached skill level 3 in Axes
  1039 | D:2      | Found a faded altar of an unknown god.
  1158 | D:2      | Reached XP level 4. HP: 40/40 MP: 4/4
  1401 | D:2      | Reached skill level 4 in Axes
  1655 | D:3      | Found a transporter.
  1657 | D:3      | Noticed funkygono's ghost (amateur MiFi)
  1660 | D:3      | Found a transporter.
  1661 | D:3      | Noticed a necrophage
  1975 | D:3      | Reached XP level 5. HP: 38/46 MP: 5/5
  2367 | D:3      | Found a shimmering blue altar of Sif Muna.
  2500 | D:4      | Noticed an ogre
  2583 | D:4      | Reached skill level 5 in Axes
  2730 | D:4      | Reached XP level 6. HP: 50/53 MP: 6/6
  3177 | D:4      | Reached skill level 6 in Axes
  3226 | D:4      | Noticed a black bear
  3282 | D:4      | Killed a black bear
  3283 | D:4      | Reached XP level 7. HP: 53/60 MP: 7/7
  3375 | D:4      | Found a basalt altar of Yredelemnul.
  3655 | D:4      | Reached skill level 5 in Fighting
  3655 | D:4      | Reached skill level 7 in Axes
  3840 | D:5      | Entered Level 5 of the Dungeon
  3840 | D:5      | Noticed Ijyb
  3858 | D:5      | Killed Ijyb
  3859 | D:5      | Reached skill level 5 in Shields
  3863 | D:5      | Found a white marble altar of Elyvilon.
  3887 | D:5      | Reached skill level 5 in Armour
  4548 | D:5      | Reached XP level 8. HP: 68/68 MP: 8/8
  4708 | D:6      | Reached skill level 8 in Axes
  5253 | D:5      | Reached skill level 9 in Axes
  5676 | D:6      | Found a burning altar of Makhleb.
  5878 | D:6      | Reached XP level 9. HP: 59/78 MP: 9/9
  6058 | D:7      | Noticed Pikel
  6111 | D:7      | Noticed Joseph
  6122 | D:6      | Reached skill level 10 in Axes
  6171 | D:7      | Noticed Maggie
  6175 | D:7      | Noticed Dowan
  6295 | D:7      | Killed Dowan
  6310 | D:7      | Killed Maggie
  6344 | D:7      | Noticed Duvessa
  6370 | D:7      | HP: 2/79 [Duvessa/+0 rapier (5)]
  6372 | D:7      | Slain by Duvessa

Illustrated notes

Levels and vault maps discovered:
D:1:      lemuel_arrival_broad_hall, layout_basic, serial_bayou_pond_c
D:2:      minmay_spotlight, layout_loops_corners,
          shapermc_ecumenical_altar_starsandcircs
D:3:      layout_loops_ring, led_sif_book, gammafunk_ghost_mausoleum,
          kennysheep_generic_room_12
D:4:      layout_basic, kennysheep_mini_moat, kennysheep_generic_room_13
D:5:      layout_basic, elyvilon_altar_5, uniq_ijyb
D:6:      layout_gridville, makhleb_blood_cavern_becter,
          nicolae_fountain_basement
D:7:      layout_cave_pools, minmay_temple_entry_arrows,
          gup_ossuary_entry_pyramid, guppyfry_shop_venom, uniq_joseph,
          uniq_pikel, uniq_duvessa, uniq_maggie

Skill      XL: |  1  2  3  4  5  6  7  8  9 |
---------------+----------------------------+-----
Axes           | 3 4 5 6 7 9 10 | 10.9
Armour         | 4 5 6 7 |  7.0
Fighting       | 4 5 6 7 |  7.0
Shields        | 4 5 |  5.7
Throwing       | |  0.1
Dodging        | |  0.6
Stealth        | |  0.3

Action                     |  1- 3 |  4- 6 |  7- 9 || total
---------------------------+-------+-------+-------++-------
  Melee: War axe           |   118 |   187 |   228 ||   533
  Throw: Boomerang         |       |     3 |       ||     3
    Use: Scroll            |       |    11 |     8 ||    19
         Potion            |       |       |     3 ||     3
 Armour: Scale mail        |    31 |       |       ||    31
         Plate armour      |    19 |   108 |   109 ||   236
  Dodge: Dodged            |    87 |   107 |   121 ||   315
  Block: Buckler           |    24 |    44 |    58 ||   126

Table legend: (Time is in decaauts)
 A = Elapsed time spent in this place.
 B = Non-inter-level travel time spent in this place.
 C = Inter-level travel time spent in this place.
 D = Time resting spent in this place.
 E = Time spent auto-exploring this place.
 F = Levels seen in this place.
 G = Mean time per level.
                   A        B        C        D        E       F      G
               +--------+--------+--------+--------+--------+-----+--------+
         Total |   6509 |   6156 |    353 |      0 |   4582 |   7 |  929.9 |
       Dungeon |   6509 |   6156 |    353 |      0 |   4582 |   7 |  929.9 |
               +--------+--------+--------+--------+--------+-----+--------+

Top non-repeatable levels by time:
     D:6: 1525 daAuts
     D:4: 1290 daAuts
     D:3: 1001 daAuts
     D:2: 939 daAuts
     D:5: 931 daAuts
     D:1: 722 daAuts
     D:7: 98 daAuts
